 Dungeon Crawl Stone Soup version 0.27.1-33-g824d729ab1 (webtiles) character file.

Game seed: 10823566256594063397

992 zeram the Chopper (level 8, -9/68 HPs)
             Began as a Hill Orc Fighter on Nov 25, 2021.
             Mangled by an ogre (20 damage)
             ... on level 4 of the Dungeon.
             The game lasted 00:05:14 (5176 turns).

zeram the Chopper (Hill Orc Fighter)                Turns: 5176, Time: 00:05:14

Health: -9/68      AC:  7    Str: 21    XL:     8   Next: 18%
Magic:  8/8        EV:  8    Int:  8    God:
Gold:   129        SH: 10    Dex: 10    Spells: 7/7 levels left

rFire    . . .     SeeInvis .   a - +0 war axe
rCold    . . .     Faith    .   c - +0 kite shield
rNeg     . . .     Spirit   .   b - +0 scale mail
rPois    .         Reflect  .   (no helmet)
rElec    .         Harm     .   (no cloak)
rCorr    .         Rampage  .   (no gloves)
Will     .....                  (no boots)
Stlth    ..........             (no amulet)
HPRegen  0.21/turn              e - ring of flight
MPRegen  0.11/turn              (no ring)

@: marked, flying
A: no striking features
a: no special abilities


You were on level 4 of the Dungeon.
You visited 1 branch of the dungeon, and saw 5 of its levels.

You collected 129 gold pieces.

Inventory:

Hand Weapons
 a - a +0 war axe (weapon)
Armour
 b - a +0 scale mail (worn)
 c - a +0 kite shield (worn)
Jewellery
 e - a ring of flight (left hand)
Scrolls
 d - a scroll of vulnerability {unknown}
 f - 2 scrolls of identify
 g - a scroll of enchant armour {unknown}
 h - a scroll of teleportation
 j - a scroll of fog
 l - a scroll of acquirement


   Skills:
 + Level 5.0 Fighting
 + Level 7.7 Axes
 + Level 6.1 Armour
 + Level 1.5 Dodging
 + Level 0.6 Stealth
 + Level 5.4 Shields


You had 7 spell levels left.
You didn't know any spells.
Your spell library contained the following spells:

 Spells                   Type           Power      Damage    Failure   Level
 Apportation              Tloc           0%         N/A       98%         1
 Slow                     Hex            0%         N/A       99%         2
 Confusing Touch          Hex            0%         N/A       100%        3
 Vampiric Draining        Necr           0%         2d6       100%        3
 Alistair's Intoxication  Tmut/Pois      0%         N/A       100%        5
 Invisibility             Hex            0%         N/A       100%        6


Dungeon Overview and Level Annotations

Branches:
Dungeon (5/15)
 Temple: D:4-7

Altars:
Qazlal


Message History

The centaur wields a +0 shortbow.
The centaur shoots an arrow.
You block the arrow.
The centaur shoots an arrow.
The arrow hits you!
The centaur shoots an arrow.
The arrow hits you.
The centaur shoots an arrow.
The arrow closely misses you. The ufetubus hits you.
You block the ufetubus's attack.
You set off the alarm!
A sentinel's mark forms upon you.
You hear an angry hiss. x2; You hear a shout! x5; You hear an angry hiss.
You block the ufetubus's attack. The ufetubus hits you.
There is a stone staircase leading up here.
Unknown command.
The ufetubus hits you.
The ufetubus hits you but does no damage.
The centaur shoots an arrow.
The arrow barely misses you. You block the ogre's attack.
The ufetubus hits you.
The ufetubus hits you but does no damage.
You fly upwards.
There is a stone staircase leading down here.
The ufetubus barely misses you. You block the ufetubus's attack.
You block the ufetubus's attack.
The ufetubus hits you but does no damage.
You block the ufetubus's attack. The ufetubus barely misses you.
You barely miss the ufetubus. You block the ufetubus's attack.
The ufetubus hits you but does no damage.
You miss the ufetubus.
The ufetubus hits you but does no damage.
You block the ufetubus's attack. The ufetubus barely misses you.
You block the ufetubus's attack.
You slash the ufetubus!
You kill the ufetubus!
You closely miss the ogre. The ogre barely misses you.
Okay, then.
You hit the ogre but do no damage. The ogre hits you with a +0 giant club.
You slash the ogre!
The ogre is moderately wounded.
The ogre hits you with a +0 giant club!!
* * * LOW HITPOINT WARNING * * *
You feel better.
The ogre hits you with a +0 giant club!!
You die...

#.####.#
##...###.............##
#.# #.#####..#
#..............# ###
#...##...#
#............###
##.###..#####....##...###
#..#...###.###...#..##
###...>..#......######
#.#.............#
#....##...O##..##
##...##.###@...# ########
###..# ####


You could see an ogre.

Vanquished Creatures
  4 yaks
  A sky beast (D:3)
  A scorpion (D:4)
  A howler monkey (D:4)
  An orc priest (D:4)
  An iguana (D:4)
  2 orc wizards
  A hound skeleton (D:4)
  3 adders (D:3)
  An ufetubus (D:4)
  An adder skeleton (D:4)
  A dart slug (D:4)
  4 orcs
  6 bats (D:1)
  3 endoplasms
  3 giant cockroaches
  5 goblins
  5 hobgoblins
  12 jackals
  10 kobolds
  A quokka (D:3)
  3 ball pythons (D:3)
  3 frilled lizards
  2 rats
75 creatures vanquished.

Notes
Turn   | Place    | Note
-------+----------+-------------------------------------------
     0 | D:1      | zeram the Hill Orc Fighter began the quest for the Orb.
     0 | D:1      | Reached XP level 1. HP: 19/19 MP: 1/1
   224 | D:1      | Reached XP level 2. HP: 27/27 MP: 2/2
   388 | D:1      | Reached skill level 3 in Axes
   460 | D:1      | Found a faded altar of an unknown god.
   558 | D:1      | Reached XP level 3. HP: 33/33 MP: 3/3
  1675 | D:3      | Noticed a sky beast
  2293 | D:3      | Reached XP level 4. HP: 39/40 MP: 4/4
  2380 | D:3      | Killed a sky beast
  2381 | D:3      | Reached skill level 4 in Axes
  2381 | D:3      | Reached XP level 5. HP: 16/46 MP: 5/5
  2632 | D:3      | Found a stormy altar of Qazlal.
  3338 | D:4      | Reached XP level 6. HP: 16/52 MP: 6/6
  3350 | D:4      | Reached skill level 5 in Axes
  3350 | D:4      | Reached skill level 5 in Armour
  3350 | D:4      | Reached skill level 1 in Dodging
  3357 | D:4      | Identified a scroll of acquirement
  3966 | D:4      | Noticed a yak
  3967 | D:4      | Noticed a yak
  3970 | D:4      | Noticed a yak
  3971 | D:4      | Noticed a yak
  3982 | D:4      | Killed a yak
  3983 | D:4      | Reached skill level 6 in Axes
  3983 | D:4      | Reached skill level 5 in Shields
  3983 | D:4      | Reached XP level 7. HP: 19/60 MP: 7/7
  4208 | D:3      | Killed a yak
  4537 | D:3      | Killed a yak
  4538 | D:3      | Reached skill level 7 in Axes
  4760 | D:4      | Killed a yak
  4761 | D:4      | Reached skill level 5 in Fighting
  4761 | D:4      | Reached XP level 8. HP: 38/68 MP: 8/8
  5139 | D:5      | Entered Level 5 of the Dungeon
  5175 | D:4      | HP: 3/68 [ogre (29)]
  5176 | D:4      | Mangled by an ogre

Illustrated notes

Levels and vault maps discovered:
D:1:      giann_horns, layout_loops_ring, dreamdust_ecumenical_altar_grove
D:2:      layout_loops_corners
D:3:      layout_basic, lemuel_crystal_altar, dk_noncrumbling_4
D:4:      cheibrodos_helix_gallery, layout_cave_pools, uniq_crazy_yiuf_cottage
D:5:      layout_basic, temple_fountains, uniq_edmund

Skill      XL: |  1  2  3  4  5  6  7 |
---------------+----------------------+-----
Axes           | 3 4 6 7 |  7.7
Armour         | 4 5 6 |  6.1
Fighting       | 4 5 |  5.0
Shields        | 4 5 |  5.4
Dodging        | 1 |  1.5
Stealth        | |  0.6

Action                   |  1- 3 |  4- 6 |  7- 9 || total
-------------------------+-------+-------+-------++-------
Melee: War axe           |   131 |    95 |    45 ||   271
  Use: Scroll            |     3 |     4 |       ||     7
       Potion            |     1 |     4 |     1 ||     6
Armor: Scale mail        |    74 |    38 |    14 ||   126
       Skin              |       |     2 |       ||     2
Dodge: Dodged            |    46 |    28 |    14 ||    88
Block: Kite shield       |    85 |    59 |    28 ||   172
